 Dungeon Crawl Stone Soup version 0.17.0-56-gd8de76c (webtiles) character file.

105 fredomojojo the Shield-Bearer (level 5, 0/42 HPs)
             Began as a Formicid Fighter on Dec 5, 2015.
             Slain by Sigmund
             ... wielding a +0 scythe
              (13 damage)
             ... on level 2 of the Dungeon.
             The game lasted 00:08:24 (1271 turns).

fredomojojo the Shield-Bearer (Formicid Fighter)    Turns: 1271, Time: 00:08:24

Health: 0/42       AC:  7    Str: 22    XL:     5   Next: 8%
Magic:  5/5        EV:  8    Int:  7    God:
Gold:   35         SH:  0    Dex: 10    Spells: 0 memorised, 4 levels left

rFire  . . .     SeeInvis +     a - +0 war axe
rCold  . . .     Clarity  .     b - +0 scale mail
rNeg   . . .     SustAt   .     c - +0 shield
rPois  .         Gourm    .     (helmet unavailable)
rElec  .         Spirit   .     (no cloak)
rCorr  .         Warding  .     (no gloves)
rMut   .         Stasis   +     (no boots)
MR     .....                    (no amulet)
Stlth  ..........               (no ring)
                                (no ring)

@: confused, not resistant to hostile enchantments, extremely unstealthy
A: permanent stasis, dig shafts and tunnels, four strong arms, antennae 3
a: Dig, Shaft Self


You were on level 2 of the Dungeon.
You were not hungry.

You visited 1 branch of the dungeon, and saw 2 of its levels.

You collected 35 gold pieces.

Inventory:

Hand Weapons
 a - a +0 war axe (weapon)
Missiles
 f - 52 stones (quivered)
Armour
 b - a +0 scale mail (worn)
 c - a +0 shield (worn)
Scrolls
 h - a scroll of enchant armour {unknown}
 i - a scroll of blinking {unknown}
 j - 2 scrolls of remove curse {unknown}
 l - a scroll of amnesia {unknown}
Potions
 d - 2 potions of might
 g - a potion of heal wounds {unknown}
 m - a potion of invisibility {unknown}
 n - a potion of poison {unknown}
Comestibles
 e - a bread ration
 k - 2 chunks of flesh


   Skills:
 + Level 3.7 Fighting
 + Level 2.7 Axes
 + Level 4.1 Armour
 + Level 1.2 Dodging
 + Level 0.3 Stealth
 + Level 4.4 Shields


You had 4 spell levels left.
You didn't know any spells.

Dungeon Overview and Level Annotations

Branches:
Dungeon (2/15)

Altars:
Sif Muna

Annotations:
D:2 Sigmund


Innate Abilities, Weirdness & Mutations

You are under a permanent stasis effect.
You can dig through walls and to a lower floor.
Your four strong arms can wield two-handed weapons with a shield.
You have a pair of large antennae on your head (SInv).


Message History

You slash Sigmund!
Sigmund is moderately wounded.
Sigmund barely misses you.
You barely miss Sigmund.
Sigmund is moderately wounded.
Sigmund hits you with a scythe!
You slash Sigmund!
Sigmund is severely wounded.
Sigmund points at you and mumbles some strange words.
You are confused.
Sigmund casts a spell at you. The puff of flame hits you!
You bump into the rock wall.
Sigmund mumbles some strange words.
Sigmund flickers and vanishes for a moment.
Sigmund barely misses you.
You're too confused to move!
You're too confused to move!
Sigmund hits you from afar with a scythe!
You die...

##.#######
###.........
#.....(..###
#.#.........
#.#..# #.#..#
#@#..# ####.#.>#
#...@...#
#.##.#..#
#####.##.#.....
#........#######
#.###.#### #.#
#.# ##.###)##
#.....).#
#.....(.# ...


You could see Sigmund (invisible).

Vanquished Creatures
  Ijyb (D:2)
  Terence (D:2)
  3 adders (D:2)
  A worm (D:2)
  A giant gecko (D:1)
  3 bats (D:2)
  4 giant cockroaches
  4 hobgoblins
  2 quokkas (D:2)
  A giant newt (D:2)
  2 goblins (D:1)
  2 kobolds (D:2)
25 creatures vanquished.

Notes
Turn   | Place    | Note
--------------------------------------------------------------
     0 | D:1      | fredomojojo the Formicid Fighter began the quest for the Orb.
     0 | D:1      | Reached XP level 1. HP: 18/18 MP: 1/1
   412 | D:1      | Reached XP level 2. HP: 16/24 MP: 2/2
   558 | D:2      | Reached skill level 4 in Shields
   623 | D:2      | Noticed Ijyb
   640 | D:2      | Killed Ijyb
   640 | D:2      | Reached XP level 3. HP: 20/29 MP: 3/3
   746 | D:2      | Found a deep blue altar of Sif Muna.
   810 | D:2      | Reached XP level 4. HP: 18/35 MP: 4/4
   812 | D:2      | Reached skill level 1 in Dodging
  1081 | D:2      | Noticed Terence
  1092 | D:2      | Killed Terence
  1098 | D:2      | Reached XP level 5. HP: 36/42 MP: 5/5
  1254 | D:2      | Noticed Sigmund
  1271 | D:2      | Slain by Sigmund

Action                   |  1- 3 |  4- 6 || total
-------------------------+-------+-------++-------
Melee: War axe           |    63 |    44 ||   107
Throw: Stone             |       |     3 ||     3
 Abil: Dig               |     3 |       ||     3
  Eat: Chunk             |       |     2 ||     2
